 Dungeon Crawl Stone Soup version 0.20.1-1-g8b1a95d (webtiles) character file.

124 potam12345 the Firebug (level 4, -7/34 HPs)
             Began as a Demigod Fire Elementalist on July 15, 2017.
             Killed by nerve-wracking pain
             ... invoked by Grinder
              (13 damage)
             ... on level 3 of the Dungeon.
             The game lasted 00:16:23 (2723 turns).

potam12345 the Firebug (Demigod Fire Elementalist)  Turns: 2723, Time: 00:16:23

Health: -7/34      AC:  3    Str: 11    XL:     4   Next: 52%
Magic:  4/11       EV: 13    Int: 26    God:
Gold:   148        SH:  0    Dex: 16    Spells: 5/8 levels left

rFire    . . .     SeeInvis .   s - +2 long sword (slice)
rCold    . . .     Gourm    .   (no shield)
rNeg     . . .     Faith    .   a - +0 robe
rPois    +         Spirit   .   e - +0 hat
rElec    .         Reflect  .   (no cloak)
rCorr    .         Harm     .   (no gloves)
MR       .....                  k - +0 pair of boots
Stlth    ++........             (no amulet)
Regen    0.2/turn               n - ring of poison resistance
MPRegen  0.2/turn               (no ring)

@: brilliant
A: high mp 1
a: no special abilities


You were on level 3 of the Dungeon.
You were not hungry.

You visited 1 branch of the dungeon, and saw 3 of its levels.

You collected 148 gold pieces.

Inventory:

Hand Weapons
 f - a +0 club
 s - a +2 long sword of slicing (weapon)
Armour
 a - a +0 robe (worn)
 e - a +0 hat (worn)
 g - a +0 robe
 k - a +0 pair of boots (worn)
Jewellery
 n - a ring of poison resistance (left hand)
Scrolls
 d - 2 scrolls of identify
 i - 5 scrolls of remove curse
 l - a scroll of fear {unknown}
 m - a scroll of immolation {unknown}
 q - a scroll of enchant armour {unknown}
Potions
 o - a potion of lignification {unknown}
 r - a potion of heal wounds {unknown}
Books
 b - a book of Flames

   Spells                             Type                      Level
   a - Flame Tongue                   Conjuration/Fire             1
   b - Throw Flame                    Conjuration/Fire             2
   c - Conjure Flame                  Conjuration/Fire             3
   d - Inner Flame                    Hexes/Fire                   3
   e - Sticky Flame                   Conjuration/Fire             4
   f - Fireball                       Conjuration/Fire             5
Comestibles
 j - a meat ration


   Skills:
 + Level 0.5 Fighting
 + Level 0.5 Maces & Flails
 + Level 2.0 Dodging
 + Level 2.1 Stealth
 + Level 2.8 Spellcasting
 + Level 2.0 Conjurations
 + Level 3.3 Fire Magic


You had 5 spell levels left.
You knew the following spells:

 Your Spells              Type           Power        Failure   Level  Hunger
a - Flame Tongue          Conj/Fire      ####.        1%          1    None
b - Throw Flame           Conj/Fire      ####..       1%          2    ##.....


Dungeon Overview and Level Annotations

Branches:
Dungeon (3/15)

Annotations:
D:3 Grinder


Innate Abilities, Weirdness & Mutations

You have an increased reservoir of magic. (+10% MP)


Message History

Casting: Throw Flame
Confirm with . or Enter, or press ? or * to list all spells.
Aiming: Flame Tongue
Press: ? - help, Shift-Dir - straight line, f - hobgoblin, p - Grinder
Aim: a hobgoblin, wielding a club The flame tongue hits the hobgoblin.
You kill the hobgoblin!
Grinder says, "What is the universe for?"
Grinder gestures at you. Pain shoots through your body!
Grinder gestures at you. Pain shoots through your body!
* * * LOW HITPOINT WARNING * * *
Grinder blinks!
It was a potion of brilliance.
You feel clever all of a sudden.
You hear the brisk rusting of a very distant drain.
Grinder gestures at you. Pain shoots through your body!
You die...

#.#....((......# ##8##
#.#.........##.######### ###
#.#..).......##........###.#
#.#..........#..........##.#
#.#........#.............§.### ..
#.#.......####......>........# ..
#.#.......# #..........####.....
.........## #............#####..
.........### ##.@....†.....###...
...........####.............#....
............##...................
.............#..5.....)..........
.............#..............##.#.
.............#......†.......##.#
.............#.............#####
.............##.............#
...<........####............#


You could see Grinder.

Vanquished Creatures
  5 adders
  A shadow imp (D:3)
  4 worms
  4 dart slugs (D:2)
  A leopard gecko (D:1)
  An orc (D:3)
  2 ball pythons (D:2)
  7 bats
  A giant cockroach (D:1)
  8 hobgoblins
  2 jackals (D:1)
  4 frilled lizards
  6 goblins
  3 kobolds
  5 rats
54 creatures vanquished.

Vanquished Creatures (others)
  A giant cockroach (D:1)
1 creature vanquished.

Grand Total: 55 creatures vanquished

Notes
Turn   | Place    | Note
-------+----------+-------------------------------------------
     0 | D:1      | potam12345 the Demigod Fire Elementalist began the quest for the Orb.
     0 | D:1      | Reached XP level 1. HP: 14/14 MP: 5/5
    98 | D:1      | Reached skill level 1 in Conjurations
   573 | D:1      | Reached XP level 2. HP: 20/20 MP: 4/7
   752 | D:1      | Learned a level 2 spell: Throw Flame
   848 | D:1      | Reached skill level 3 in Fire Magic
  1164 | D:1      | Reached XP level 3. HP: 26/26 MP: 3/9
  2164 | D:2      | Found a white marble altar of Elyvilon.
  2172 | D:2      | Reached XP level 4. HP: 34/34 MP: 5/10
  2645 | D:3      | Noticed Grinder
  2689 | D:3      | Paralysed by Grinder for 5 turns
  2723 | D:3      | Killed from afar by Grinder

Skill      XL: |  1  2  3  4 |
---------------+-------------+-----
Conjurations   | 1 2 |  2.0
Spellcasting   | 2 |  2.8
Fire Magic     | 3 |  3.3
Dodging        | 2 |  2.0
Stealth        | 2 |  2.1
Fighting       | |  0.5
Maces & Flails | |  0.5

Action                   |  1- 3 |  4- 6 || total
-------------------------+-------+-------++-------
Melee: Club              |    43 |     2 ||    45
       Long sword        |       |     4 ||     4
 Cast: Flame Tongue      |    41 |    36 ||    77
       Throw Flame       |    24 |     7 ||    31
  Use: Scroll            |     1 |     3 ||     4
       Potion            |     2 |     1 ||     3
  Eat: Chunk             |     1 |       ||     1
       Meat ration       |     1 |       ||     1
       Bread ration      |       |     1 ||     1
Armor: Robe              |    13 |     6 ||    19
Dodge: Dodged            |    52 |    20 ||    72
       Rpst.: Long sword |       |     3 ||     3
